 Dungeon Crawl Stone Soup version 0.30-a0-4-ga7cffc901d (webtiles) character file.

Game seed: 2110170167273165720

1765 GigaChad the Carver (level 8, -12/71 HPs)
             Began as a Minotaur Fighter on Aug 22, 2022.
             Mangled by an orc warrior
             ... wielding a +0 scimitar
              (15 damage)
             ... on level 6 of the Dungeon.
             The game lasted 00:11:47 (5705 turns).

GigaChad the Carver (Minotaur Fighter)              Turns: 5705, Time: 00:11:48

Health: -12/71     AC: 17    Str: 29    XL:     8   Next: 79%
Magic:  7/7        EV:  8    Int: 11    God:
Gold:   179        SH:  5    Dex: 10    Spells: 7/7 levels left

rFire   . . .      SeeInvis .    a - +0 long sword (chaos)
rCold   . . .      Faith    .    c - +0 buckler
rNeg    . . .      Spirit   .    u - +1 plate armour
rPois   .          Reflect  .    (helmet restricted)
rElec   .          Harm     .    n - +2 cloak
rCorr   .          Rampage  .    (no gloves)
Will    .....                    (no boots)
Stlth   ..........               (no amulet)
HPRegen 0.21/turn                i - +6 ring of strength
MPRegen 0.10/turn                w - +6 ring of intelligence

@: no status effects
A: horns 2, retaliatory headbutt
a: no special abilities


You were on level 6 of the Dungeon.
You visited 1 branch of the dungeon, and saw 6 of its levels.

You collected 179 gold pieces.

Inventory:

Hand Weapons
 a - a +0 long sword of chaos (weapon)
 h - a +2 halberd of flaming
 m - a +4 quarterstaff of chaos
 o - a +0 hammer
Missiles
 k - 6 poisoned darts (quivered)
Armour
 b - a +0 scale mail
 c - a +0 buckler (worn)
 n - a +2 cloak (worn)
 u - a +1 plate armour (worn)
Jewellery
 i - a +6 ring of strength (left hand)
 w - a +6 ring of intelligence (right hand)
 y - a ring of fire
Scrolls
 l - 2 scrolls of amnesia
 p - 3 scrolls of identify
 s - a scroll of magic mapping
 t - 2 scrolls of fear
 z - 2 scrolls of enchant armour
 A - a scroll of teleportation
 B - a scroll of immolation
 C - a scroll of blinking
Potions
 d - a potion of might
 e - a potion of mutation {unknown}
 f - 3 potions of heal wounds {unknown}
 g - a potion of curing {unknown}
 j - 2 potions of attraction {unknown}
 q - 2 potions of haste {unknown}
 r - 2 potions of magic {unknown}
 v - 2 potions of degeneration {unknown}
 x - a potion of brilliance {unknown}


   Skills:
 + Level 6.4 Fighting
 + Level 8.7 Long Blades
 + Level 0.5 Throwing
 + Level 7.9 Armour
 + Level 2.0 Dodging
 + Level 1.1 Stealth
 + Level 6.1 Shields


You had 7 spell levels left.
You didn't know any spells.
Your spell library contained the following spells:

 Spells                   Type           Power      Damage    Failure   Level
 Confusing Touch          Hex            0%         N/A       100%        3
 Yara's Violent Unravell  Hex/Tmut       0%         3d3       100%        5
 Enfeeble                 Hex            0%         N/A       100%        7


Dungeon Overview and Level Annotations

Branches:
Dungeon (6/15)
 Temple: D:4-7

Altars:
Xom


Innate Abilities, Weirdness & Mutations

You have a pair of horns on your head.
You reflexively headbutt those who attack you in melee.


Message History

You see here a +0 hand axe.
The orc priest hits you but does no damage.
The orc warrior hits you with a +0 scimitar!
* * * LOW HITPOINT WARNING * * *
The orc warrior attacks as you move away!
The orc warrior hits you with a +0 scimitar.
* * * LOW HITPOINT WARNING * * *
The orc attacks as you move away! The orc hits you but does no damage.
Found 11 gold pieces.
The orc priest closely misses you. The orc attacks as you move away!
You block the orc's attack.
You kill the orc priest!
The orc attacks as you move away! The orc hits you but does no damage.
Found a stone staircase leading down.
You hit the orc.
Space warps horribly around the orc!
You kill the orc!
You barely miss the orc warrior. The orc warrior closely misses you.
You closely miss the orc warrior. The orc warrior barely misses you.
You closely miss the orc warrior. The orc warrior completely misses you.
You furiously retaliate!
You headbutt the orc warrior!
You hit the orc warrior but do no damage.
The orc warrior is moderately wounded.
The orc warrior hits you with a +0 scimitar.
* * * LOW HITPOINT WARNING * * *
You barely miss the orc warrior.
You headbutt the orc warrior, but do no damage.
The orc warrior is moderately wounded.
The orc warrior closely misses you.
You closely miss the orc warrior.
The orc warrior is moderately wounded.
The orc warrior hits you but does no damage.
You hit the orc warrior.
The orc warrior is poisoned.
The orc warrior is heavily wounded.
The orc warrior hits you but does no damage.
You barely miss the orc warrior. You headbutt the orc warrior!
The orc warrior is severely wounded.
The orc warrior hits you but does no damage.
You hit the orc warrior but do no damage.
The orc warrior is almost dead.
The orc warrior hits you with a +0 scimitar!
You die...

#.# ...... ...... #.###
...... ......
#^#.####......
...>..#####.............
......#.................
........###.#...........
....... #.##.#........
.......####.##..#.......
...$...@o...).#.#.......
......####.)..#.#)......
##### #..#...........
#..###....####. #..#
##....###. #..#
#........ #..#
#...#..### #..#
#.#.##..<. #..#
#.#.##.#..


You could see an orc warrior (very poisoned).

Vanquished Creatures
  A salamander (shapeshifter) (D:5)
  A black bear (D:4)
  An ogre (D:5)
  A phantom (D:6)
  2 necrophages
  A bullfrog (D:4)
  4 scorpions
  2 howler monkeys
  2 hounds
  A gnoll bouda (D:5)
  2 orc priests
  A jelly (D:5)
  Crazy Yiuf (D:2)
  3 iguanas
  2 orc wizards (D:5)
  12 gnolls
  8 adders
  A white imp (D:5)
  2 ufetubi
  3 worms
  21 orcs
  6 ball pythons
  An endoplasm (D:2)
  2 giant cockroaches
  3 goblins
  7 hobgoblins
  7 jackals
  5 kobolds
  2 quokkas
  2 bats
  3 frilled lizards (D:2)
  2 rats (D:3)
112 creatures vanquished.

Vanquished Creatures (others)
  4 toadstools (D:1)
4 creatures vanquished.

Grand Total: 116 creatures vanquished

Notes
Turn   | Place    | Note
-------+----------+-------------------------------------------
     0 | D:1      | GigaChad the Minotaur Fighter began the quest for the Orb.
     0 | D:1      | Reached XP level 1. HP: 19/19 MP: 0/0
   358 | D:1      | Reached XP level 2. HP: 27/27 MP: 1/1
   366 | D:1      | You fall into a shaft and drop 1 floor!
   468 | D:2      | Reached XP level 3. HP: 33/33 MP: 2/2
   493 | D:2      | Found a shimmering altar of Xom.
   541 | D:2      | Found a runed translucent door.
   542 | D:2      | Noticed Crazy Yiuf
   655 | D:2      | Killed Crazy Yiuf
   656 | D:2      | Reached skill level 3 in Long Blades
   656 | D:2      | Reached XP level 4. HP: 33/41 MP: 3/3
  1422 | D:3      | Reached XP level 5. HP: 43/47 MP: 4/4
  2084 | D:3      | Identified the +6 rapier "Rykkyof" {elec, *Rage Drain rElec
                  | rPois}
  2106 | D:3      | Reached skill level 4 in Long Blades
  2356 | D:4      | Noticed a black bear
  2368 | D:4      | Killed a black bear
  2369 | D:4      | Reached skill level 5 in Armour
  2369 | D:4      | Reached skill level 1 in Dodging
  2369 | D:4      | Reached XP level 6. HP: 44/55 MP: 5/5
  2661 | D:4      | Reached skill level 5 in Fighting
  2745 | D:4      | Reached skill level 5 in Long Blades
  2966 | D:4      | Reached skill level 5 in Shields
  2978 | D:4      | Reached XP level 7. HP: 61/61 MP: 6/6
  3594 | D:5      | Entered Level 5 of the Dungeon
  3637 | D:5      | Reached skill level 6 in Long Blades
  3644 | D:5      | Noticed a glowing shapeshifter
  3644 | D:5      | a hound changed into a glowing shapeshifter
  3644 | D:5      | Noticed a deep troll
  3644 | D:5      | a glowing shapeshifter changed into a deep troll
  3650 | D:5      | Noticed a merfolk
  3650 | D:5      | a deep troll changed into a merfolk
  3652 | D:5      | a merfolk changed into a floating eye
  3660 | D:5      | Paralysed by a floating eye for 3 turns
  3664 | D:5      | Noticed a moth of wrath
  3664 | D:5      | a floating eye changed into a moth of wrath
  4012 | D:5      | Noticed a cane toad
  4020 | D:5      | Noticed a salamander
  4020 | D:5      | a cane toad changed into a salamander
  4026 | D:5      | Killed a salamander
  4027 | D:5      | Reached skill level 7 in Long Blades
  4027 | D:5      | Reached skill level 1 in Stealth
  4027 | D:5      | Reached XP level 8. HP: 35/69 MP: 7/7
  4987 | D:5      | Reached skill level 8 in Long Blades
  5692 | D:6      | HP: 2/70 [orc warrior/+0 scimitar (2)]
  5700 | D:6      | HP: 2/71 [orc warrior/+0 scimitar (2)]
  5705 | D:6      | Mangled by an orc warrior

Illustrated notes

Levels and vault maps discovered:
D:1:      ldierk_water_garden, layout_basic, grunt_decor_junction
D:2:      layout_rooms, basic_altar, palyth_stone_intersect,
          uniq_crazy_yiuf_cottage
D:3:      layout_rooms
D:4:      minmay_opposing_rooms, layout_basic, corexii_hall_statues_x
D:5:      layout_loops_ring, chequers_serial_rivers_room_a, st_stairs_13
D:6:      layout_rooms, hangedman_glass_teeth, minmay_misc_feat_plants,
          kennysheep_generic_room_4, uniq_duvessa

Skill      XL: |  1  2  3  4  5  6  7  8 |
---------------+-------------------------+-----
Fighting       | 4 5 6 |  6.4
Shields        | 4 5 6 |  6.1
Armour         | 4 5 6 7 |  7.9
Long Blades    | 3 4 5 7 8 |  8.7
Dodging        | 1 2 |  2.0
Stealth        | 1 |  1.1
Throwing       | |  0.5

Action                   |  1- 3 |  4- 6 |  7- 9 || total
-------------------------+-------+-------+-------++-------
Melee: Long sword        |    30 |   106 |   200 ||   336
       Headbutt          |     6 |    20 |    38 ||    64
Throw: Dart              |       |     5 |       ||     5
  Use: Scroll            |       |     7 |     4 ||    11
 Stab: Paralysed         |       |     1 |       ||     1
Armor: Scale mail        |    24 |    80 |     5 ||   109
       Plate armour      |       |       |   127 ||   127
Dodge: Dodged            |    21 |    81 |    71 ||   173
Block: Buckler           |     9 |    40 |    61 ||   110

Table legend: (Time is in decaauts)
 A = Elapsed time spent in this place.
 B = Non-inter-level travel time spent in this place.
 C = Inter-level travel time spent in this place.
 D = Time resting spent in this place.
 E = Time spent auto-exploring this place.
 F = Levels seen in this place.
 G = Mean time per level.
                   A        B        C        D        E       F      G
               +--------+--------+--------+--------+--------+-----+--------+
         Total |   5749 |   5638 |    111 |   2439 |   1322 |   6 |  958.2 |
       Dungeon |   5749 |   5638 |    111 |   2439 |   1322 |   6 |  958.2 |
               +--------+--------+--------+--------+--------+-----+--------+

Top non-repeatable levels by time:
     D:5: 2023 daAuts
     D:3: 1394 daAuts
     D:4: 1265 daAuts
     D:2: 599 daAuts
     D:1: 371 daAuts
     D:6: 95 daAuts
